Unix NetHack Version 5.0.0-0 post-release - last build May  4 2026 22:22:43 (774f63e81ad911689b3a0859ea89b322d5daca8d,branch:main).

Game began 2026-05-07 18:17:10, ended 2026-05-08 02:38:29.

2459832143, lawful male human Knight

                                    ------
                                    |\...|
                          ---       |(....)
                         --.--      |....|#
                        --...--     ----.-#
                      ##-....%.#       #) ##
                      # --...--#       #####
                      #  --.-- #     ###`  #
                      #   ---  #####`##    #
   ---------------- ###        #  ####     #
   |...............##          #           #
   |..............|       ######           ##
   |..............|       #    #            )
   |..............-######`     #            #      ----
   ----------------            # ---------   #    ..!.|
                               # |.......|   %  .{....|
                               # |<......|   @r....?..|
                               ##........|     --------
                                 ---------

2459832143 the Esquire   St:16 Dx:9 Co:12 In:7 Wi:15 Ch:18  Lawful
Dlvl:5  $:85 HP:0(29) Pw:17(17) AC:3  Xp:3 T:1529  Hungry  

Latest messages:
 The door resists!
 In what direction? 6
 Thwack!!
 In what direction? 6
 Whammm!!
 In what direction? 6
 Thwack!!
 The kobold zombie opens a door.
 You see here an orcish helm.
 Are you waiting to get hit?  Use 'm' prefix to force a no-op (to rest).
 Are you waiting to get hit?  Use 'm' prefix to force a no-op (to rest).
 Are you waiting to get hit?  Use 'm' prefix to force a no-op (to rest).
 Are you waiting to get hit?  Use 'm' prefix to force a no-op (to rest).
 You destroy the kobold zombie!
 You are beginning to feel hungry.
 Are you waiting to get hit?  Use 'm' prefix to force a no-op (to rest).
 Are you waiting to get hit?  Use 'm' prefix to force a no-op (to rest).
 Are you waiting to get hit?  Use 'm' prefix to force a no-op (to rest).
 Are you waiting to get hit?  Use 'm' prefix to force a no-op (to rest).
 Are you waiting to get hit?  Use 'm' prefix to force a no-op (to rest).
 Are you waiting to get hit?  Use 'm' prefix to force a no-op (to rest).
 Are you waiting to get hit?  Use 'm' prefix to force a no-op (to rest).
 Are you waiting to get hit?  Use 'm' prefix to force a no-op (to rest).
 Are you waiting to get hit?  Use 'm' prefix to force a no-op (to rest).
 Are you waiting to get hit?  Use 'm' prefix to force a no-op (to rest).
 Are you waiting to get hit?  Use 'm' prefix to force a no-op (to rest).
 Are you waiting to get hit?  Use 'm' prefix to force a no-op (to rest).
 Are you waiting to get hit?  Use 'm' prefix to force a no-op (to rest).
 Are you waiting to get hit?  Use 'm' prefix to force a no-op (to rest).
 Are you waiting to get hit?  Use 'm' prefix to force a no-op (to rest).
 Are you waiting to get hit?  Use 'm' prefix to force a no-op (to rest).
 Are you waiting to get hit?  Use 'm' prefix to force a no-op (to rest).
 Are you waiting to get hit?  Use 'm' prefix to force a no-op (to rest).
 Are you waiting to get hit?  Use 'm' prefix to force a no-op (to rest).
 Are you waiting to get hit?  Use 'm' prefix to force a no-op (to rest).
 Are you waiting to get hit?  Use 'm' prefix to force a no-op (to rest).
 Are you waiting to get hit?  Use 'm' prefix to force a no-op (to rest).
 Are you waiting to get hit?  Use 'm' prefix to force a no-op (to rest).
 Are you waiting to get hit?  Use 'm' prefix to force a no-op (to rest).
 The rabid rat bites!
 You miss the rabid rat.
 The rabid rat bites!
 You miss the rabid rat.
 The rabid rat bites!
 You die...
 Do you want your possessions identified? [ynq] (y) n
 Do you want to see your attributes? [ynq] (y) n
 Do you want an account of creatures vanquished? [ynaq] (y) n
 Do you want to see your conduct and achievements? [ynq] (y) n
 Do you want to see the dungeon overview? [ynq] (y) n

Inventory:
 Coins    ('$')
  $ - 85 gold pieces
 Weapons  (')')
  u - a +0 sling
  E - 5 cursed +0 darts
  F - 3 +0 daggers
  r - a +0 orcish dagger
  a - a +1 long sword (weapon in right hand)
 Armor    ('[')
  d - an uncursed +0 helmet (being worn)
  f - an uncursed +0 pair of leather gloves (being worn)
  e - an uncursed +0 small shield (being worn)
  c - an uncursed +1 ring mail (being worn)
 Comestibles  ('%')
  g - 6 uncursed apples
  h - 7 uncursed carrots
 Scrolls  ('?')
  i - an uncursed scroll of destroy armor
 Wands    ('/')
  o - a wand of teleportation (0:4)
 Tools    ('(')
  k - a cursed bag of tricks (0:3)
  p - an uncursed lock pick
  A - an uncursed tin opener
 Gems/Stones  ('*')
  j - an uncursed flint stone
  l - 11 uncursed rocks

2459832143 the Knight's attributes:

Background:
 You were an Esquire, a level 3 male human Knight.
 You were lawful, nominally on a mission for Lugh
 who was opposed by Brigit (neutral) and Manannan Mac Lir (chaotic).
 You were right-handed.
 You were in the Dungeons of Doom, on level 5.
 You entered the dungeon 1529 turns ago.
 It was nighttime.
 You had 69 experience points, 11 more were needed to attain level 4.

Basics:
 You had 0 out of 29 hit points.
 You had all 17 energy points (spell power).
 Your armor class was 3.
 Your wallet contained 85 zorkmids.
 Autopickup was off.

Final Characteristics:
 Your strength was 16 (limit:18/100).
 Your dexterity was 9 (limit:18).
 Your constitution was 12 (limit:18).
 Your intelligence was 7 (limit:18).
 Your wisdom was 15 (limit:18).
 Your charisma was 18 (limit:18).

Final Status:
 You were hungry.
 You were unencumbered.
 You were wielding a long sword.
 You had basic skill with long sword.

Final Attributes:
 You were devoutly aligned.
 You could jump.
 You were warded.
 Your spell casting was impaired by metallic armor.
 You are dead.

Miscellaneous:
 You didn't encounter any bones levels.
 Total elapsed playing time was 1 hour, 16 minutes and 49 seconds.

Major events:
 Turn
    1: 2459832143 the lawful male human Knight entered the dungeon
 1360: attained the rank of Esquire (level 3)
 1529: killed by a rabid rat

Spells:
 Name                 Level Category     Fail Retention
 wizard lock            2   matter       100%  76%-100%

Skills:
 Fighting Skills
   bare handed combat [Unskilled]
   two weapon combat  [Unskilled]
   riding             [Basic]
 Weapon Skills
   dagger             [Unskilled]
   knife              [Unskilled]
   axe                [Unskilled]
   pick-axe           [Unskilled]
   short sword        [Unskilled]
   broadsword         [Unskilled]
   long sword         [Basic]
   two-handed sword   [Unskilled]
   saber              [Unskilled]
   club               [Unskilled]
   mace               [Unskilled]
   morning star       [Unskilled]
   flail              [Unskilled]
   hammer             [Unskilled]
   polearms           [Unskilled]
   spear              [Unskilled]
   trident            [Unskilled]
   lance              [Basic]
   bow                [Unskilled]
   crossbow           [Unskilled]
 Spellcasting Skills
   attack spells      [Unskilled]
   healing spells     [Unskilled]
   clerical spells    [Unskilled]

Voluntary challenges:
 Character rerolling was not enabled.
 You were an atheist.
 You never genocided any monsters.
 You never polymorphed an object.
 You never changed form.
 You used no wishes.
Achievements:
 You entered a shop.
 You attained the rank of Esquire.

 The Dungeons of Doom: levels 1 to 5
    Level 1:
       A fountain.
    Level 2:
       A general store.
    Level 3:
       A fountain.
    Level 4:
       A fountain.
    Level 5: <- You were here.
       A throne, a fountain.
       Final resting place for
          you, killed by a rabid rat.


Vanquished creatures:
  a werejackal
  a hobbit
  a large kobold
  a hobgoblin
  a gnome
  a gecko
  2 kobolds
  2 goblins
  2 sewer rats
  a grid bug
  a lichen
  a kobold zombie
  3 newts
18 creatures vanquished.

No species were genocided or became extinct.

Game over:
                       ----------
                      /          \
                     /    REST    \
                    /      IN      \
                   /     PEACE      \
                  /                  \
                  |    2459832143    |
                  |      85 Au       |
                  |   killed by a    |
                  |    rabid rat     |
                  |                  |
                  |                  |
                  |       2026       |
                 *|     *  *  *      | *
        _________)/\\_//(\/(/\)/\//\/|_)_______

Fare thee well 2459832143 the Knight...

You died in The Dungeons of Doom on dungeon level 5 with 563 points,
and 85 pieces of gold, after 1529 moves.
You were level 3 with a maximum of 29 hit points when you died.

